AoeStats
← 安息吧包子

Nomad

510540342Analyzed
4v4 RM · 2d ago on Oct 1, 2026· 41m 32s· 8 players
Game mode
Random Map
Map size
231×231
Population
200
Speed
Normal
Resources
Standard
Victory
Conquest
Starting age
Dark Age
Ending age
Imperial Age
RankedLock teamsTeams togetherTeam positionsShared explorationLock speedFull tech treeHidden civsTurbo modeCheats
Victory
Defeat
🇹🇼 Saxons · Taiwan
1402
+11
🇻🇳 Huns · Vietnam
1291
+15
🇩🇪 Varangians · Germany
1207
+18
🇨🇳 Vietnamese · China
1174
+19
🇹🇼 Koreans · Taiwan
1276
-16
🇹🇼 Franks · Taiwan
1273
-16
🇹🇼 Persians · Taiwan
1269
-16
🇹🇼 Khmer · Taiwan
1249
-15
橋本真也
5:51 Loom
14:04 Feudal Age
19:19 Castle Age
18:54 Horse Collar
19:54 Scale Barding Armor
19:59 Double-Bit Axe
25:15 Chain Barding Armor
27:57 Wheelbarrow
27:42 Bow Saw
32:32 Hand Cart
33:26 Forging
33:59 Bloodlines
33:49 Husbandry
36:15 Gold Mining
42:32 Imperial Age
安息吧包子
5:25 Loom
14:54 Feudal Age
16:41 Double-Bit Axe
23:54 Castle Age
22:38 Fletching
23:32 Stone Mining
26:33 Castle Age
31:45 Bow Saw
32:50 Gold Mining
andyz070300
4:39 Loom
12:46 Feudal Age
16:41 Castle Age
16:23 Stone Mining
16:42 Gold Mining
17:07 Bloodlines
17:11 Double-Bit Axe
24:28 Scale Barding Armor
26:38 Fletching
30:01 Chain Barding Armor
33:36 Horse Collar
37:42 Bow Saw
37:39 Heavy Plow
40:57 Stone Shaft Mining
44:02 Imperial Age
小小財
8:50 Loom
14:38 Feudal Age
19:16 Castle Age
18:31 Double-Bit Axe
26:09 Bow Saw
26:08 Fletching
30:54 Bodkin Arrow
38:44 Wheelbarrow
41:58 Imperial Age
percy5655
4:23 Loom
18:18 Feudal Age
18:55 Double-Bit Axe
21:42 Fletching
23:13 Wheelbarrow
26:15 Stone Mining
28:44 Castle Age
28:28 Gold Mining
29:42 Bodkin Arrow
31:48 Padded Archer Armor
34:00 Bow Saw
37:05 Leather Archer Armor
40:55 Horse Collar
41:18 Town Watch
牛拉松
5:34 Loom
12:39 Feudal Age
18:08 Castle Age
16:02 Stone Mining
16:37 Fletching
16:32 Fishing Lines
17:55 Double-Bit Axe
19:11 Bow Saw
22:30 Bodkin Arrow
22:30 Gillnets
26:51 Horse Collar
27:51 Wheelbarrow
28:58 Gold Mining
29:49 Hand Cart
30:28 Ballistics
30:00 Guard Tower
32:35 Scale Mail Armor
32:45 Forging
33:19 Gold Shaft Mining
41:59 Chain Mail Armor
42:19 Iron Casting
halong1301
9:18 Loom
14:42 Feudal Age
16:26 Double-Bit Axe
20:05 Castle Age
17:55 Horse Collar
17:58 Fishing Lines
22:26 Bow Saw
24:15 Heavy Plow
29:31 Scale Mail Armor
29:47 Forging
29:25 Pikeman
33:23 Bloodlines
33:14 Husbandry
35:55 Imperial Age
33:49 Scale Barding Armor
33:46 Gold Mining
34:51 Marauders
35:14 Chain Barding Armor
36:28 Iron Casting
36:54 Gold Shaft Mining
37:03 Elite Tarkan
38:24 Plate Barding Armor
39:19 Blast Furnace
Darth Joker2673
3:53 Loom
14:58 Feudal Age
15:44 Double-Bit Axe
18:18 Wheelbarrow
20:02 Bloodlines
22:07 Castle Age
20:18 Scale Barding Armor
20:25 Forging
20:11 Gold Mining
20:06 Fishing Lines
20:28 Horse Collar
23:19 Bow Saw
25:40 Gillnets
27:04 Fletching
29:02 Bodkin Arrow
31:20 Chain Barding Armor
31:35 Iron Casting
31:50 Husbandry
34:45 Stone Mining
36:17 Heavy Plow
37:29 Medium Warships
41:01 Hand Cart
Connection lost

Rejoining the realm…

Still unreachable

The connection could not be restored.

Session expired

The server has moved on; the page needs a fresh start.